 Dungeon Crawl Stone Soup version 0.21.0-24-g2553a33 (webtiles) character file.

151 Monsterracer the Slasher (level 5, 0/41 HPs)
             Began as a Barachi Warper on Jan 21, 2018.
             Was an Initiate of Trog.
             Slain by an ogre
             ... wielding a +0 giant club
              (14 damage)
             ... on level 4 of the Dungeon.
             The game lasted 00:05:22 (3808 turns).

Monsterracer the Slasher (Barachi Warper)           Turns: 3808, Time: 00:05:23

Health: 0/41       AC:  5    Str: 14    XL:     5   Next: 33%
Magic:  8/8        EV: 11    Int: 13    God:    Trog [......]
Gold:   135        SH:  0    Dex: 11    Spells: 6/8 levels left

rFire    . . .     SeeInvis .   a - +1 falchion
rCold    . . .     Gourm    .   (no shield)
rNeg     . . .     Faith    .   t - +0 ring mail (curse)
rPois    +         Spirit   .   (no helmet)
rElec    .         Reflect  .   (no cloak)
rCorr    .         Harm     .   (no gloves)
MR       .....                  (no boots)
Stlth    +.........             (no amulet)
HPRegen  0.13/turn              s - ring of poison resistance {!d}
MPRegen  0.11/turn              (no ring)

@: slow
A: +LOS, swims, slowness 1, strong legs 1
a: Hop, Burn Spellbooks, Renounce Religion


You were on level 4 of the Dungeon.
You worshipped Trog.
Trog was noncommittal.
You were very hungry.

You visited 1 branch of the dungeon, and saw 4 of its levels.

You collected 135 gold pieces.

Inventory:

Hand Weapons
 a - a +1 falchion (weapon)
Missiles
 e - 5 tomahawks of dispersal (quivered)
Armour
 t - a cursed +0 ring mail (worn)
Jewellery
 s - a ring of poison resistance (left hand) {!d}
Scrolls
 b - a scroll of magic mapping {!r}
 d - a scroll of blinking
 n - a scroll of enchant weapon
Potions
 i - a potion of mutation {!q}
 j - a potion of curing
 l - a potion of magic {unknown}
 p - a potion of lignification {unknown}
 q - a potion of berserk rage {unknown}
 r - a potion of brilliance {unknown}
Comestibles
 c - 3 rations


   Skills:
 + Level 3.4 Fighting
 * Level 4.7 Long Blades
 - Level 1.0 Throwing
 + Level 2.6 Armour
 + Level 3.1 Dodging
 - Level 2.1 Spellcasting
 - Level 3.2 Translocations


You had 6 spell levels left.
You knew the following spells:

 Your Spells              Type           Power        Failure   Level  Hunger
e - Blink                 Tloc           N/A          19%         2    ###....


Dungeon Overview and Level Annotations

Branches:
Dungeon (4/15)
 Temple: D:4-7

Altars:
Dithmenos
Trog


Innate Abilities, Weirdness & Mutations

Shadows flee at your approach. (+LOS)
You can swim through water.
You cover ground slowly.
You can hop short distances.


Message History

The orc is lightly wounded.
The orc hits you with a flail.
An orc is nearby!
You slash the orc!
You kill the orc!
Trog accepts your kill.
No target in view!
You see here a flail.
Key pressed, stopping explore.
Key pressed, stopping explore.
You see here 13 sling bullets.
Key pressed, stopping explore.
All of the chunks of flesh in your inventory have rotted away.
You are feeling hungry.
Health restored: 41 No target in view!
No target in view!
There is a bloodstained altar of Trog here.
Things that are here:
a dagger; an animal skin No target in view!
There is a stone staircase leading down here.
An adder comes into view.
An adder is nearby!
The adder hisses angrily.
The adder barely misses you.
You closely miss the adder. The adder bites you but does no damage.
You closely miss the adder. The adder bites you but does no damage.
You closely miss the adder. The adder bites you but does no damage.
The adder barely misses you.
You closely miss the adder. The adder completely misses you.
An adder is nearby!
You completely miss the adder. The adder bites you.
You are poisoned.
The adder poisons you!
You take 4 damage, and have 37/41 hp.
You hit the adder.
The adder is heavily wounded.
You feel sick. The adder barely misses you. x2
You take 1 damage, and have 36/41 hp.
You hit the adder.
You kill the adder!
Trog accepts your kill.
You feel sick.
You feel sick.
You feel sick.
You feel sick.
You feel sick.
You feel sick.
You are no longer poisoned.
Found 16 stones.
Health restored: 41 No target in view!
Found a ring mail.
You see here 16 stones.
You see here a ring mail.
Key pressed, stopping explore.
No target in view!
No target in view!
You are feeling very hungry.
Found a stone staircase leading up.
No target in view!
Key pressed, stopping explore.
No target in view!
No target in view!
You see here a ring mail.
You see here 16 stones.
There is an open door here.
You see here 19 stones.
Partly explored, can't reach some places.
Partly explored, can't reach some places.
There is a stone staircase leading down here.
You climb downwards.
An ogre and a howler monkey come into view.
The howler monkey howls!
The ogre shouts!
Found 24 sling bullets and a ration.
There is a stone staircase leading up here.
There are monsters nearby!
You hit the ogre but do no damage. The ogre hits you with a giant club!!
Ouch! That really hurt!
* * * LOW HITPOINT WARNING * * *
You hear a howl!
You take 25 damage, and have 16/41 hp.
MASSIVE DAMAGE!!
Put on which piece of jewellery? (? for menu, Esc to quit)
s - a ring of poison resistance (left hand)
Okay, then.
Hop to where?
Press: ? - help, Dir - move target cursor, f - you
Okay, then.
The howler monkey hoots and howls with incredible vigour!
You hear an angry hiss.
You see here 24 sling bullets.
A howler monkey comes into view.
The howler monkey howls!
Okay, then.
The howler monkey hoots and howls with incredible vigour!
The howler monkey hits you.
* * * LOW HITPOINT WARNING * * *
The ogre hits you with a giant club!
You die...

###########..
#@O(<.h.%....
#h#######....
#.# ... ...#
#.### #. #. #


You could see an ogre and 2 howler monkeys.

Vanquished Creatures
  6 adders
  2 worms
  A dart slug (D:1)
  3 leopard geckos
  5 orcs (D:3)
  6 giant cockroaches
  9 goblins
  12 hobgoblins
  5 jackals
  2 kobolds (D:1)
  5 quokkas (D:3)
  6 bats
  5 frilled lizards
  9 rats
76 creatures vanquished.

Vanquished Creatures (others)
  2 plants (D:3)
2 creatures vanquished.

Grand Total: 78 creatures vanquished

Notes
Turn   | Place    | Note
-------+----------+-------------------------------------------
     0 | D:1      | Monsterracer the Barachi Warper began the quest for the Orb.
     0 | D:1      | Reached XP level 1. HP: 17/17 MP: 3/3
    21 | D:1      | Reached skill level 3 in Long Blades
   160 | D:1      | Reached XP level 2. HP: 12/23 MP: 5/5
   168 | D:1      | Learned a level 2 spell: Blink
   521 | D:1      | Reached XP level 3. HP: 28/28 MP: 6/6
  1341 | D:2      | Reached skill level 4 in Long Blades
  1341 | D:2      | Reached XP level 4. HP: 35/35 MP: 7/7
  1399 | D:2      | HP: 16/35 [worm (5)]
  1404 | D:2      | HP: 10/35 [worm (7)]
  2021 | D:3      | Found a shadowy altar of Dithmenos.
  2067 | D:3      | HP: 14/35 [worm (4)]
  2074 | D:3      | HP: 12/35 [frilled lizard (3)]
  2082 | D:3      | HP: 11/35 [goblin/dagger (2)]
  2465 | D:3      | HP: 16/35 [orc/club (3)]
  2689 | D:3      | HP: 17/35 [poisoned by an adder]
  2690 | D:3      | Reached XP level 5. HP: 20/41 MP: 8/8
  2696 | D:3      | HP: 18/41 [poisoned by an adder]
  2703 | D:3      | HP: 17/41 [poisoned by an adder]
  2711 | D:3      | HP: 16/41 [poisoned by an adder]
  3131 | D:3      | Found a bloodstained altar of Trog.
  3242 | D:3      | Became a worshipper of Trog the Wrathful
  3803 | D:4      | Noticed an ogre
  3804 | D:4      | HP: 16/41 [ogre/giant club (25)]
  3808 | D:4      | Slain by an ogre

Skill      XL: |  1  2  3  4 |
---------------+-------------+-----
Long Blades    | 3 4 |  4.7
Fighting       | 3 |  3.4
Armour         | 2 |  2.6
Dodging        | 3 |  3.1
Throwing       | |  1.0
Spellcasting   | |  2.1
Translocations | |  3.2

Action                   |  1- 3 |  4- 6 || total
-------------------------+-------+-------++-------
Melee: Falchion          |   136 |   196 ||   332
Invok: Burn Spellbooks   |       |     1 ||     1
  Use: Scroll            |       |     9 ||     9
  Eat: Chunk             |     2 |     4 ||     6
       Ration            |       |     1 ||     1
Armor: Leather armour    |     1 |       ||     1
       Ring mail         |    62 |    58 ||   120
Dodge: Dodged            |    94 |   106 ||   200
       Rpst.: Falchion   |    31 |    31 ||    62

Vault maps used:
D:1:      onia_arrival_pentagram, patterned_corridor
D:3:      wad_woods_stonehenge, first_ration, bloody_trog
D:4:      lemuel_coloured_pillars_altar, uniq_crazy_yiuf_cottage
